 Dungeon Crawl Stone Soup version 0.26-a0-937-g67df3f2acb (webtiles) character file.

Game seed: 10431816713665665518

3 Descartes the Sneak (level 1, 0/10 HPs)
             Began as a Felid Delver on Nov 27, 2020.
             Slain by a kobold zombie (1 damage)
             ... in an ossuary.
             The game lasted 00:01:34 (329 turns).

Descartes the Sneak (Felid Delver)                   Turns: 329, Time: 00:01:35

Health: 0/10       AC:  1    Str:  8    XL:     1   Next: 41%
Magic:  2/2        EV: 18    Int: 11    God:
Gold:   0          SH:  0    Dex: 17    Spells: 0/0 levels left
                                        Lives:  0   Deaths: 0

rFire    . . .     SeeInvis +     - Unarmed
rCold    . . .     Faith    .   (shield unavailable)
rNeg     . . .     Spirit   .   (armour unavailable)
rPois    .         Reflect  .   (helmet unavailable)
rElec    .         Harm     .   (cloak unavailable)
rCorr    .         Rampage  .   (gloves unavailable)
MR       .....                  (boots unavailable)
Stlth    ++++......             (no amulet)
HPRegen  0.03/turn              (no ring)
MPRegen  0.08/turn              (no ring)

@: quick
A: very small, no armour, no weapons or thrown items, stealth, claws 1, fangs 3,
see invisible, speed 1, shaggy fur 1, sharp paws
a: no special abilities


You were in an ossuary.
You visited 2 branches of the dungeon, and saw 2 of its levels.
You also visited: Ossuary.

Inventory:

Wands
 e - a wand of digging (3)
Scrolls
 a - a scroll of fog
 c - a scroll of fear
Potions
 d - a potion of haste


   Skills:
 + Level 3.1 Fighting
 + Level 2.6 Dodging
 + Level 6.7 Stealth
 + Level 2.0 Unarmed Combat


You couldn't memorise any spells.
You didn't know any spells.
Your spell library was empty.

Dungeon Overview and Level Annotations

Branches:
Dungeon (5/15)             Temple (1/1) D:5         Ossuary (1/1)

Altars:
Ashenzari
Cheibriados
Elyvilon
Fedhas
Gozag
Hepliaklqana
Kikubaaqudgha
Makhleb
Nemelex Xobeh
Okawaru
Ru
Trog
Wu Jian
Xom
The Shining One


Innate Abilities, Weirdness & Mutations

You cannot wear armour.
You are incapable of wielding weapons or throwing items.
Your paws allow you to move quietly. (Stealth)
You have sharp claws.
You have razor-sharp teeth.
You have supernaturally acute eyesight. (SInv)
You cover ground quickly.
You are covered in fur. (AC +1)
Your sharp claws are effective at attacking unaware monsters.


Message History

The hobgoblin zombie is lightly damaged.
The kobold zombie completely misses you.
The hobgoblin zombie hits you.
* * * LOW HITPOINT WARNING * * *
You scratch the hobgoblin zombie.
The hobgoblin zombie is heavily damaged.
The kobold zombie misses you.
You scratch the hobgoblin zombie. You bite the hobgoblin zombie.
The hobgoblin zombie is severely damaged.
The hobgoblin zombie completely misses you.
The kobold zombie closely misses you.
You scratch the hobgoblin zombie.
The hobgoblin zombie is almost destroyed.
The hobgoblin zombie closely misses you.
You scratch the hobgoblin zombie.
You destroy the hobgoblin zombie!
The kobold zombie completely misses you.
An adder zombie comes into view.
The kobold zombie hits you.
You die...

###############
#......Z.......
#......@.......
#....#+#......#
#...## #....##
#...# ....#
#...# ...#
#..## ..## #..#
Z# #∩.# .# #..#


You could see an adder zombie (dormant) and a kobold zombie.

Vanquished Creatures
  A goblin zombie (Ossuary)
  A hobgoblin zombie (Ossuary)
  A jackal zombie (Ossuary)
  2 kobold zombies (Ossuary)
5 creatures vanquished.

Notes
Turn   | Place    | Note
-------+----------+-------------------------------------------
     0 | D:5      | Descartes the Felid Delver began the quest for the Orb.
     0 | D:5      | Reached XP level 1. HP: 10/10 MP: 2/2
     9 | D:5      | Found a staircase to the Ecumenical Temple.
    14 | D:5      | Noticed an ogre
    18 | Temple   | Entered the Ecumenical Temple
   284 | D:5      | Noticed an iguana
   290 | D:5      | Found a sand-covered staircase.
   299 | Ossuary  | Entered an ossuary
   329 | Ossuary  | Slain by a kobold zombie

Illustrated notes

Levels and vault maps discovered:
D:5:      layout_basic, nicolae_qazlal_style_of_elements,
          minmay_temple_entry_grid, nicolae_ossuary_entry_plus
Temple:   regret_index_temple_generic_petals
Ossuary:  minmay_ossuary_two_tombs

Action                   || total
-------------------------++-------
Melee: Unarmed           ||    21
       Bite              ||     3
  Use: Scroll            ||     1
Armor: Skin              ||     1
Dodge: Dodged            ||    17

Table legend: (Time is in decaauts)
 A = Elapsed time spent in this place.
 B = Non-inter-level travel time spent in this place.
 C = Inter-level travel time spent in this place.
 D = Time resting spent in this place.
 E = Time spent auto-exploring this place.
 F = Levels seen in this place.
 G = Mean time per level.
                   A        B        C        D        E       F      G
               +--------+--------+--------+--------+--------+-----+--------+
         Total |    269 |    221 |     48 |      0 |    152 |   3 |   89.7 |
       Dungeon |     62 |     44 |     18 |      0 |      0 |   1 |   62.0 |
        Temple |    179 |    150 |     29 |      0 |    148 |   1 |  179.0 |
       Ossuary |     27 |     27 |      0 |      0 |      4 |   1 |   27.0 |
               +--------+--------+--------+--------+--------+-----+--------+

Top non-repeatable levels by time:
  Temple: 179 daAuts
     D:5: 62 daAuts
 Ossuary: 27 daAuts
